NCAA
PURDUE BOILERMAKERS @ NORTH CAROLINA TAR HEELS
05/22/2028
 
TOP OF THE 1ST
Purdue Boilermakers batting - Pitching for North Carolina Tar Heels : LHP León Vargas
Pitching: LHP León Vargas
Batting: LHB Joe Kent 0-0: Ball
1-0: Swinging Strike
1-1: Foul Ball, location: 2F
1-2: Foul Ball, location: 2F
1-2: Ball
2-2: Foul Ball, location: 2F
2-2: Ball
3-2: Base on Balls
Batting: SHB Bryan Atkins 0-0: Ball
1-0: Ball
2-0: Foul Ball, location: 2F
2-1: Reached on error, E8 (Flyball, 8LD)
Joe Kent to third
Batting: RHB Jorge Molina 0-0: Ball
1-0: Called Strike
1-1: Foul Ball, location: 2F
1-2: Strikes out swinging
Batting: RHB Brian McCoy 0-0: Called Strike
0-1: Swinging Strike
0-2: Ball
1-2: Ball
2-2: Ball
3-2: Foul Ball, location: 2F
3-2: Single, Error in OF, E8, batter to second base
Joe Kent scores
Bryan Atkins scores
Batting: RHB Bill Gilmore 0-0: Called Strike
0-1: Foul Ball, location: 2F
0-2: Foul Ball, location: 2F
0-2: Ball
1-2: Ball
2-2: Strikes out swinging
Batting: RHB Rafael Castro 0-0: Called Strike
0-1: Fly out, F8 (Flyball, 8LM)
Top of the 1st over - 2 run(s), 1 hit(s), 2 error(s), 1 left on base; Purdue 2 - North Carolina 0
BOTTOM OF THE 1ST
North Carolina Tar Heels batting - Pitching for Purdue Boilermakers : LHP Doug Johnston
Pitching: LHP Doug Johnston
Batting: RHB Marvin Montgomery 0-0: Fly out, F9 (Flyball, 89M)
Batting: SHB Jason Smith 0-0: Ball
1-0: Ball
2-0: Called Strike
2-1: Ball
3-1: Called Strike
3-2: SINGLE (Line Drive, 8LS)
Batting: RHB Jeff Navarro 0-0: Grounds into double play, 6-4-3 (Groundball, 6)
Bottom of the 1st over - 0 run(s), 1 hit(s), 0 error(s), 0 left on base; Purdue 2 - North Carolina 0
TOP OF THE 2ND
Purdue Boilermakers batting - Pitching for North Carolina Tar Heels : LHP León Vargas
Batting: RHB Jeff Richardson 0-0: Ground out 5-3 (Groundball, 56S)
Batting: RHB Bruce Adams 0-0: SOLO HOME RUN (Flyball, 7D), Distance : 363 ft
Batting: RHB Mark Jackson 0-0: Called Strike
0-1: Ball
1-1: Ball
2-1: Ball
3-1: Foul Ball, location: 2F
3-2: Strikes out swinging
Batting: LHB Joe Kent 0-0: Ball
1-0: Foul Ball, location: 2F
1-1: Foul Ball, location: 2F
1-2: Foul Ball, location: 2F
1-2: Strikes out looking
Top of the 2nd over - 1 run(s), 1 hit(s), 0 error(s), 0 left on base; Purdue 3 - North Carolina 0
BOTTOM OF THE 2ND
North Carolina Tar Heels batting - Pitching for Purdue Boilermakers : LHP Doug Johnston
Batting: LHB Joe Spears 0-0: Ball
1-0: Reached via error on a dropped throw, E3
Batting: RHB Stan Crosby 0-0: Called Strike
0-1: Ball
1-1: Foul Ball, location: 2F
1-2: Ball
2-2: Foul Ball, location: 2F
2-2: Strikes out looking
Batting: RHB Jesús Nieves 0-0: Foul Ball, location: 2F
0-1: DOUBLE (Flyball, 78D)
Joe Spears to third
Runner from 3rd tries for Home, SAFE, no throw
Batting: LHB Timothy Pierce 0-0: Called Strike
0-1: Swinging Strike
0-2: Strikes out looking
Batting: RHB Mauro Vargas 0-0: Ball
1-0: Called Strike
1-1: Called Strike
1-2: Strikes out looking
Bottom of the 2nd over - 1 run(s), 1 hit(s), 1 error(s), 1 left on base; Purdue 3 - North Carolina 1
TOP OF THE 3RD
Purdue Boilermakers batting - Pitching for North Carolina Tar Heels : LHP León Vargas
Batting: SHB Bryan Atkins 0-0: Called Strike
0-1: Called Strike
0-2: Strikes out looking
Batting: RHB Jorge Molina 0-0: Ball
1-0: Swinging Strike
1-1: SINGLE (Groundball, 4MD)
Batting: RHB Brian McCoy 0-0: Called Strike
0-1: Called Strike
0-2: Foul Ball, location: 2F
0-2: Foul Ball, location: 2F
0-2: Strikes out looking
Batting: RHB Bill Gilmore 0-0: Called Strike
0-1: Fly out, F8 (Flyball, 8LM)
Top of the 3rd over - 0 run(s), 1 hit(s), 0 error(s), 1 left on base; Purdue 3 - North Carolina 1
BOTTOM OF THE 3RD
North Carolina Tar Heels batting - Pitching for Purdue Boilermakers : LHP Doug Johnston
Batting: RHB Scotty Sherman 0-0: Ball
1-0: Called Strike
1-1: Ball
2-1: Foul Ball, location: 2F
2-2: Ball
3-2: Base on Balls
Batting: RHB Marvin Montgomery 0-0: Ball
1-0: SINGLE (Line Drive, 89S)
Scotty Sherman to second
Batting: SHB Jason Smith 0-0: Ball
1-0: Called Strike
1-1: Fly out, F8 (Flyball, 8LM)
Batting: RHB Jeff Navarro 0-0: Called Strike
0-1: Foul Ball, location: 2F
0-2: Strikes out swinging
Batting: LHB Joe Spears 0-0: Swinging Strike
0-1: Ball
1-1: Ball
2-1: Fly out, F8 (Line Drive, 78M)
Bottom of the 3rd over - 0 run(s), 1 hit(s), 0 error(s), 2 left on base; Purdue 3 - North Carolina 1
TOP OF THE 4TH
Purdue Boilermakers batting - Pitching for North Carolina Tar Heels : LHP León Vargas
Batting: RHB Rafael Castro 0-0: Called Strike
0-1: Swinging Strike
0-2: Strikes out looking
Batting: RHB Jeff Richardson 0-0: Foul Ball, location: 2F
0-1: Fly out, F5 (Popup, 5L)
Batting: RHB Bruce Adams 0-0: Ball
1-0: Foul Ball, location: 2F
1-1: Foul Ball, location: 2F
1-2: Strikes out swinging
Top of the 4th over - 0 run(s), 0 hit(s), 0 error(s), 0 left on base; Purdue 3 - North Carolina 1
BOTTOM OF THE 4TH
North Carolina Tar Heels batting - Pitching for Purdue Boilermakers : LHP Doug Johnston
Batting: RHB Stan Crosby 0-0: Ball
1-0: Foul Ball, location: 2F
1-1: Ball
2-1: Swinging Strike
2-2: Strikes out swinging
Batting: RHB Jesús Nieves 0-0: Fly out, F8 (Flyball, 89M)
Batting: LHB Timothy Pierce 0-0: Called Strike
0-1: Ball
1-1: Swinging Strike
1-2: SINGLE (Flyball, 8RS)
Batting: RHB Mauro Vargas 0-0: Ball
1-0: Called Strike
1-1: Ball
2-1: Foul Ball, location: 2F
2-2: Ball
3-2: Base on Balls
Timothy Pierce to second
Batting: RHB Scotty Sherman 0-0: Called Strike
0-1: Ball
1-1: Swinging Strike
1-2: SINGLE (Groundball, 56D)
Timothy Pierce to third
Mauro Vargas to second
Runner from 3rd tries for Home, SAFE, throw made home
Batting: RHB Marvin Montgomery 0-0: Ball
1-0: Called Strike
1-1: Ground out U3 (Groundball, 3S)
Bottom of the 4th over - 1 run(s), 2 hit(s), 0 error(s), 2 left on base; Purdue 3 - North Carolina 2
TOP OF THE 5TH
Purdue Boilermakers batting - Pitching for North Carolina Tar Heels : LHP León Vargas
Batting: RHB Mark Jackson 0-0: Ball
1-0: Foul Ball, location: 2F
1-1: SINGLE (Line Drive, 78M)
Batting: LHB Joe Kent 0-0: Ball
1-0: Ball
2-0: Ground out 5-3 (Groundball, 56S)
Mark Jackson to second
Batting: SHB Bryan Atkins 0-0: Called Strike
0-1: Ball
1-1: Ball
2-1: Ball
3-1: Called Strike
3-2: Foul Ball, location: 2F
3-2: Strikes out swinging
Batting: RHB Jorge Molina 0-0: Called Strike
0-1: Swinging Strike
0-2: Strikes out swinging
Top of the 5th over - 0 run(s), 1 hit(s), 0 error(s), 1 left on base; Purdue 3 - North Carolina 2
BOTTOM OF THE 5TH
North Carolina Tar Heels batting - Pitching for Purdue Boilermakers : LHP Doug Johnston
Batting: SHB Jason Smith 0-0: Called Strike
0-1: Foul Ball, location: 2F
0-2: Ball
1-2: Ball
2-2: SINGLE (Flyball, 8LS)
Batting: RHB Jeff Navarro 0-0: Fly out, F9 (Flyball, 9)
Batting: LHB Joe Spears 0-0: Ball
1-0: Ball
2-0: Called Strike
2-1: Called Strike
2-2: Strikes out looking
Batting: RHB Stan Crosby 0-0: Called Strike
0-1: Called Strike
0-2: Ball
1-2: Ball
2-2: Ball
3-2: Fly out, F5 (Line Drive, 56D)
Bottom of the 5th over - 0 run(s), 1 hit(s), 0 error(s), 1 left on base; Purdue 3 - North Carolina 2
TOP OF THE 6TH
Purdue Boilermakers batting - Pitching for North Carolina Tar Heels : LHP León Vargas
Pitching: RHP Craig Brown
Batting: RHB Brian McCoy 0-0: Foul Ball, location: 2F
0-1: Swinging Strike
0-2: Strikes out looking
Batting: RHB Bill Gilmore 0-0: Ground out 6-3 (Groundball, 6)
Batting: RHB Rafael Castro 0-0: Ball
1-0: Ball
2-0: SOLO HOME RUN (Line Drive, 7LD), Distance : 326 ft
Batting: RHB Jeff Richardson 0-0: Foul Ball, location: 2F
0-1: Swinging Strike
0-2: SINGLE (Groundball, 4MD)
Batting: RHB Bruce Adams 0-0: Fly out, F9 (Flyball, 9)
Top of the 6th over - 1 run(s), 2 hit(s), 0 error(s), 1 left on base; Purdue 4 - North Carolina 2
BOTTOM OF THE 6TH
North Carolina Tar Heels batting - Pitching for Purdue Boilermakers : LHP Doug Johnston
Pitching: LHP Christian Rousseau
Batting: RHB Jesús Nieves 0-0: Called Strike
0-1: Ball
1-1: Ball
2-1: Ball
3-1: SINGLE (Groundball, 4MD)
Batting: LHB Timothy Pierce 0-0: Swinging Strike
0-1: Ball
1-1: Swinging Strike
1-2: SINGLE (Line Drive, 3D)
Jesús Nieves to second
Batting: RHB Mauro Vargas 0-0: Ball
1-0: Foul Ball, location: 2F
1-1: Ball
2-1: Foul Ball, location: 2F
2-2: Ball
3-2: SINGLE (Groundball, 6MD)
Jesús Nieves to third
Timothy Pierce to second
Batting: RHB Scotty Sherman 0-0: Ball
1-0: Fly out, F9 (Flyball, 9)
Runner from 3rd tags up, SCORES, throw made
Batting: RHB Marvin Montgomery 0-0: Swinging Strike
0-1: Foul Ball, location: 2F
0-2: Fly out, F8 (Flyball, 8RD)
Runner from 2nd tags up, SAFE at 3rd, no throw
Batting: SHB Jason Smith 0-0: Called Strike
0-1: Called Strike
0-2: Ball
1-2: Foul Ball, location: 2F
1-2: Ball
2-2: Fly out, F8 (Line Drive, 89M)
Bottom of the 6th over - 1 run(s), 3 hit(s), 0 error(s), 2 left on base; Purdue 4 - North Carolina 3
TOP OF THE 7TH
Purdue Boilermakers batting - Pitching for North Carolina Tar Heels : RHP Craig Brown
Batting: RHB Mark Jackson 0-0: Swinging Strike
0-1: Foul Ball, location: 2F
0-2: Foul Ball, location: 2F
0-2: Ball
1-2: Strikes out swinging
Batting: LHB Joe Kent 0-0: Called Strike
0-1: Ball
1-1: Foul Ball, location: 2F
1-2: Foul Ball, location: 2F
1-2: Strikes out looking
Batting: SHB Bryan Atkins 0-0: Ball
1-0: Swinging Strike
1-1: Called Strike
1-2: SINGLE (Groundball, 4MD)
Batting: RHB Jorge Molina 0-0: Foul Ball, location: 2F
0-1: Foul Ball, location: 2F
0-2: SINGLE (Groundball, 6MD)
Bryan Atkins to second
Batting: RHB Brian McCoy 0-0: Fly out, F7 (Flyball, 78D)
Top of the 7th over - 0 run(s), 2 hit(s), 0 error(s), 2 left on base; Purdue 4 - North Carolina 3
BOTTOM OF THE 7TH
North Carolina Tar Heels batting - Pitching for Purdue Boilermakers : LHP Christian Rousseau
Batting: RHB Jeff Navarro 0-0: Ball
1-0: Foul Ball, location: 2F
1-1: Swinging Strike
1-2: Ball
2-2: SINGLE (Flyball, 7S)
Batting: LHB Joe Spears 0-0: Called Strike
0-1: Swinging Strike
0-2: Ball
1-2: Fielders Choice at 2nd, 6-4 (Groundball, 6)
Batting: RHB Stan Crosby 0-0: Called Strike
0-1: Ball
1-1: Foul Ball, location: 2F
1-2: Ball
2-2: Foul Ball, location: 2F
2-2: DOUBLE (Flyball, 78D)
Joe Spears to third
Batting: RHB Jesús Nieves 0-0: Foul Ball, location: 2F
0-1: Called Strike
0-2: Ball
1-2: Strikes out swinging
Batting: LHB Timothy Pierce 0-0: Ball
Passed Ball!
Joe Spears scores
Stan Crosby to third
1-0: Fly out, F9 (Flyball, 9)
Bottom of the 7th over - 1 run(s), 2 hit(s), 0 error(s), 1 left on base; Purdue 4 - North Carolina 4
TOP OF THE 8TH
Purdue Boilermakers batting - Pitching for North Carolina Tar Heels : RHP Craig Brown
Batting: RHB Bill Gilmore 0-0: Called Strike
0-1: Ball
1-1: Called Strike
1-2: Ball
2-2: Ball
3-2: Ground out 1-3 (Groundball, P)
Batting: RHB Rafael Castro 0-0: Called Strike
0-1: Ball
1-1: Ball
2-1: Ball
3-1: Foul Ball, location: 2F
3-2: Strikes out swinging
Batting: RHB Jeff Richardson 0-0: Ball
1-0: Ball
2-0: Called Strike
2-1: Foul Ball, location: 2F
2-2: Strikes out looking
Top of the 8th over - 0 run(s), 0 hit(s), 0 error(s), 0 left on base; Purdue 4 - North Carolina 4
BOTTOM OF THE 8TH
North Carolina Tar Heels batting - Pitching for Purdue Boilermakers : LHP Christian Rousseau
Pitching: RHP Ron Williams
Batting: RHB Mauro Vargas 0-0: Foul Ball, location: 2F
0-1: DOUBLE (Line Drive, 8LD)
Batting: RHB Scotty Sherman 0-0: Intentional Walk
Batting: RHB Marvin Montgomery 0-0: Called Strike
0-1: Sac Bunt - play at first, batter OUT! 2-4
Mauro Vargas to third
Scotty Sherman to second
Batting: SHB Jason Smith 0-0: Ball
1-0: Swinging Strike
1-1: Ball
2-1: Ball
3-1: Base on Balls
Batting: RHB Jeff Navarro 0-0: Called Strike
0-1: Ball
1-1: Foul Ball, location: 2F
1-2: Fly out, F9 (Line Drive, 9D)
Runner from 3rd tags up, SCORES, no throw
Scotty Sherman to third
Batting: LHB Joe Spears 0-0: Ball
1-0: Foul Ball, location: 2F
1-1: Ball
2-1: DOUBLE (Groundball, 3D)
Scotty Sherman scores
Jason Smith to third
Runner from 3rd tries for Home, SAFE, no throw
Pitching: RHP Jonathan Clark
Batting: RHB Stan Crosby 0-0: Foul Ball, location: 2F
0-1: Ball
1-1: Ball
2-1: Foul Ball, location: 2F
2-2: Foul Ball, location: 2F
2-2: Fly out, F6 (Line Drive, 6)
Bottom of the 8th over - 3 run(s), 2 hit(s), 0 error(s), 1 left on base; Purdue 4 - North Carolina 7
TOP OF THE 9TH
Purdue Boilermakers batting - Pitching for North Carolina Tar Heels : RHP Craig Brown
Pitching: RHP John Phillips
Batting: RHB Bruce Adams 0-0: Foul Ball, location: 2F
0-1: Fly out, F6 (Line Drive, 6M)
Batting: RHB Mark Jackson 0-0: Ball
1-0: Ball
2-0: Called Strike
2-1: Called Strike
2-2: Foul Ball, location: 2F
2-2: Foul Ball, location: 2F
2-2: Strikes out looking
Batting: LHB Joe Kent 0-0: Ball
1-0: Foul Ball, location: 2F
1-1: Foul Ball, location: 2F
1-2: Ball
2-2: Strikes out swinging
Top of the 9th over - 0 run(s), 0 hit(s), 0 error(s), 0 left on base; Purdue 4 - North Carolina 7
Tuesday, August 8th, 2017 - OOTP Baseball 17.12 Build 75